 Dungeon Crawl Stone Soup version 0.32-a0-460-gc8eefc90e7 (webtiles) character file.

Game seed: 6410475621193493413

16 Morbidden the Sneak (level 2, 15/15 HPs)
             Began as a Vine Stalker Brigand on Feb 24, 2024.
             Was a High Priest of Ignis.
             Quit the game on level 1 of the Dungeon.
             The game lasted 00:00:31 (386 turns).

Morbidden the Sneak (Vine Stalker Brigand)           Turns: 386, Time: 00:00:31

Health: 15/15      AC:  3    Str: 13    XL:     2   Next: 54%
Magic:  3/3        EV: 11    Int: 11    God:    Ignis [*****.]
Gold:   23         SH:  0    Dex: 15    Spells: 1/1 levels left

rFire   + . .        a - +2 dagger
rCold   . . .        (no shield)
rNeg    . . .        b - +0 robe
rPois   .            (no helmet)
rElec   .            c - +0 cloak
rCorr   .            (no gloves)
SInv    .            (no boots)
Will    .....        (no amulet)
Stlth   +++          (no ring)
HPRegen 1.02/turn    (no ring)
MPRegen 0.08/turn

%: guardian spirit
@: no status effects
A: fangs 2, regeneration 1, magic shield, antimagic bite, no potion heal 2
a: Renounce Religion, Fiery Armour, Foxfire Swarm, Rising Flame


You were on level 1 of the Dungeon.
You worshipped Ignis.
Ignis was extremely pleased with you.
You visited 1 branch of the dungeon, and saw 1 of its levels.

You collected 23 gold pieces.

Inventory:

Hand Weapons
 a - a +2 dagger (weapon)
Missiles
 d - 9 poisoned darts (quivered)
 e - 3 curare-tipped darts
Armour
 b - a +0 robe (worn)
 c - a +0 cloak (worn)
Scrolls
 g - 2 scrolls of poison {unknown}
 h - a scroll of teleportation {unknown}
 j - a scroll of enchant armour {unknown}
Potions
 f - a potion of degeneration {unknown}
 i - a potion of mutation {unknown}


   Skills:
 * Level 1.8 Fighting
 * Level 2.0 Short Blades
 + Level 1.8 Throwing
 * Level 0.6 Armour
 * Level 0.9 Dodging
 + Level 5.1 Stealth
 * Level 0.4 Spellcasting


You had one spell level left.
You didn't know any spells.
Your spell library was empty.

Dungeon Overview and Level Annotations

Branches:
Dungeon (1/15)

Altars:
Ignis


Innate Abilities, Weirdness & Mutations

You have extremely sharp teeth.
Your natural rate of healing is unusually fast.
When hurt, damage is shared between your health and your magic reserves.
Your bite disrupts and absorbs the magic of your enemies.
Potions cannot restore your health.


Message History

Key pressed, stopping explore.
No target in view!
Unknown command.
There is a stone staircase leading down here.
Found a hand axe.
No target in view!
Unknown command.
Found a faded altar of an unknown god.
No target in view!
Unknown command.
An endoplasm comes into view.
Unknown command.
An endoplasm is nearby!
Unknown command.
An endoplasm is nearby!
Unknown command.
The helpless endoplasm fails to defend itself.
You impale the endoplasm!!
You kill the endoplasm!
Key pressed, stopping explore.
Unknown command.
No target in view!
Unknown command.
A kobold comes into view. It is wielding a +0 short sword.
The kobold shouts!
You hit the kobold.
You kill the kobold!
No target in view!
You can't go down here!
There is a faded altar of an unknown god here.
This altar belongs to (a) the Shining One, (b) Ignis or (c) Makhleb, but you can't tell which.
Press the corresponding letter to learn more about a god, or press enter to convert or escape to cancel.
Okay, then.
This altar belongs to (a) the Shining One, (b) Ignis or (c) Makhleb, but you can't tell which.
Press the corresponding letter to learn more about a god, or press enter to convert or escape to cancel.
Ignis accepts your prayer! Ignis welcomes you!
Unknown command.
Press < or > to pray at altars.
Unknown command.
Press < or > to pray at altars.
Are you sure you want to abandon this character and quit the game? (Confirm with "yes".)

...#..........#.##.#
.###..........#.##.#
.†.#..........#.##.##
##...##...........).#
####†...............#
....................#
###########...).....#
#....♣.♣..#
####..@..## #.♣.♣.##
#......# #.###..#####
#..........#
##.........#
#.........#
#.........#
###########


There were no monsters in sight!

Vanquished Creatures
  A dart slug (D:1)
  2 endoplasms (D:1)
  A giant cockroach (D:1)
  A goblin (D:1)
  A hobgoblin (D:1)
  4 kobolds (D:1)
  A quokka (D:1)
  2 rats (D:1)
13 creatures vanquished.

Notes
Turn   | Place    | Note
-------+----------+-------------------------------------------
     0 | D:1      | Morbidden the Vine Stalker Brigand began the quest for the
                  | Orb.
     0 | D:1      | Reached XP level 1. HP: 11/11 MP: 2/2
   109 | D:1      | Reached XP level 2. HP: 15/15 MP: 3/3
   278 | D:1      | Reached skill level 5 in Stealth
   356 | D:1      | Found a faded altar of an unknown god.
   385 | D:1      | Prayed at the altar of an unknown god.
   385 | D:1      | Became a worshipper of Ignis, the Dying Flame
   386 | D:1      | Quit the game

Illustrated notes

Levels and vault maps discovered:
D:1:      lemuel_arrival_funnel, layout_rooms, chequers_ecumenical_altar_simple

Skill      XL: |  1  2 |
---------------+-------+-----
Stealth        | 5 |  5.1
Short Blades   | 2 |  2.0
Fighting       | |  1.8
Throwing       | |  1.8
Armour         | |  0.6
Dodging        | |  0.9
Spellcasting   | |  0.4

Action                     || total
---------------------------++-------
  Melee: Dagger            ||    41
         Bite              ||    11
   Stab: Sleeping          ||     3
 Armour: Robe              ||    18
  Dodge: Dodged            ||    28

Table legend: (Time is in decaauts)
 A = Elapsed time spent in this place.
 B = Non-inter-level travel time spent in this place.
 C = Inter-level travel time spent in this place.
 D = Time resting spent in this place.
 E = Time spent auto-exploring this place.
 F = Levels seen in this place.
 G = Mean time per level.
                   A        B        C        D        E       F      G
               +--------+--------+--------+--------+--------+-----+--------+
         Total |    382 |    382 |      0 |      0 |    281 |   1 |  382.0 |
       Dungeon |    382 |    382 |      0 |      0 |    281 |   1 |  382.0 |
               +--------+--------+--------+--------+--------+-----+--------+

Top non-repeatable levels by time:
     D:1: 382 daAuts
